 Dungeon Crawl Stone Soup version 0.26.1-2-gb8aa6d0cf2 (webtiles) character file.

Game seed: 15502500756976373728

90 skwiii the Chopper (level 4, -6/38 HPs)
             Began as a Palentonga Berserker on Feb 25, 2021.
             Was a Believer of Trog.
             Mangled by an orc warrior
             ... wielding a +0 battleaxe
              (7 damage)
             ... on level 2 of the Dungeon.
             The game lasted 00:05:21 (3419 turns).

skwiii the Chopper (Palentonga Berserker)           Turns: 3419, Time: 00:05:22

Health: -6/38      AC:  5    Str: 22    XL:     4   Next: 32%
Magic:  4/4        EV: 10    Int:  7    God:    Trog [**....]
Gold:   138        SH:  0    Dex:  9    Spells: 3/3 levels left

rFire    . . .     SeeInvis +   a - +0 hand axe
rCold    . . .     Faith    .   (no shield)
rNeg     . . .     Spirit   .   b - +1 animal skin
rPois    .         Reflect  .   (no helmet)
rElec    .         Harm     .   (no cloak)
rCorr    .         Rampage  .   (no gloves)
Will     +....                  (no barding)
Stlth    +.........             (no amulet)
HPRegen  0.12/turn              (no ring)
MPRegen  0.09/turn              (no ring)

@: no status effects
A: large, rugged brown scales 3, see invisible, deformed body, frail 1,
strong-willed 1, roll 1, armoured tail
a: Rolling Charge, Renounce Religion, Berserk, Trog's Hand


You were on level 2 of the Dungeon.
You worshipped Trog.
Trog was pleased with you.
You visited 1 branch of the dungeon, and saw 2 of its levels.

You collected 138 gold pieces.

Inventory:

Hand Weapons
 a - a +0 hand axe (weapon)
 m - a +0 dagger
Armour
 b - a +1 animal skin (worn)
Jewellery
 g - a +6 ring of strength {unknown}
 p - a +6 ring of intelligence {unknown}
 r - an uncursed ring of magical power {unknown}
Wands
 o - a wand of polymorph (6)
Scrolls
 c - a scroll of blinking {unknown}
 d - 2 scrolls of fear {unknown}
 e - 2 scrolls of enchant armour
 h - a scroll of teleportation {unknown}
 i - a scroll of noise {unknown}
 k - 2 scrolls of identify {unknown}
 q - a scroll of amnesia {unknown}
 s - a scroll of enchant weapon {unknown}
Potions
 f - a potion of mutation
 j - a potion of brilliance {unknown}
 l - 3 potions of heal wounds {unknown}
 n - 3 potions of degeneration {unknown}


   Skills:
 + Level 3.8 Fighting
 + Level 3.8 Axes
 + Level 2.5 Armour
 - Level 1.5 Dodging


You had 3 spell levels left.
You didn't know any spells.
Your spell library was empty.

Dungeon Overview and Level Annotations

Branches:
Dungeon (2/15)

Altars:
The Shining One


Innate Abilities, Weirdness & Mutations

You are completely covered in rugged brown scales. (AC +3, +7% HP)
You have supernaturally acute eyesight. (SInv)
Armour fits poorly on your strangely shaped body.
You can roll at nearby foes to attack.
You have a long armoured tail.
You are frail. (-10% HP)
You are strong-willed. (Will+)


Message History

The orc warrior hits you but does no damage.
You barely miss the orc warrior. You hit the orc warrior.
The orc warrior is lightly wounded.
The orc warrior hits you with a +0 battleaxe!
You hit the orc warrior but do no damage.
The orc warrior is lightly wounded.
The orc warrior hits you with a +0 battleaxe!
You hit the orc warrior.
The orc warrior is moderately wounded.
The orc warrior hits you with a +0 battleaxe!
* * * LOW HITPOINT WARNING * * *
You closely miss the orc warrior.
The orc warrior is moderately wounded.
The orc warrior barely misses you.
Okay, then.
It was a potion of mutation.
You feel extremely strange.
You feel frail.
You feel strong-willed.
The orc warrior hits you with a +0 battleaxe!
You die...

####.#########.# #.#
#.......†...# #.#
################.#### #........<#
#.####.####
##############.####)#############
..............†..................
......########.#.##.#############
#####.## #.#@##.# #..# #.#o##.#
##.## ###.#.##.# #..# #........#
##.# #.###.#### #.# #.###.# ####
#.####.....# #... #..##..###..#
#.## ##.##.##.##.# #.#


You could see an orc warrior.

Vanquished Creatures
  A worker ant (D:1)
  2 adders (D:2)
  A dart slug (D:2)
  A leopard gecko (D:2)
  2 bats (D:1)
  3 giant cockroaches
  10 goblins
  5 hobgoblins
  3 jackals (D:1)
  6 kobolds
  4 frilled lizards
  4 rats
42 creatures vanquished.

Notes
Turn   | Place    | Note
-------+----------+-------------------------------------------
     0 | D:1      | skwiii the Palentonga Berserker began the quest for the
                  | Orb.
     0 | D:1      | Reached XP level 1. HP: 20/20 MP: 1/1
   137 | D:1      | Reached XP level 2. HP: 19/27 MP: 2/2
  1191 | D:2      | Reached XP level 3. HP: 17/33 MP: 3/3
  1720 | D:2      | Reached ** piety under Trog
  1818 | D:2      | Noticed an orc warrior
  2474 | D:2      | Reached XP level 4. HP: 30/42 MP: 4/4
  2770 | D:2      | Found a glowing golden altar of the Shining One.
  3417 | D:2      | HP: 1/42 [orc warrior/+0 battleaxe (15)]
  3419 | D:2      | Gained mutation: You are frail. (-10% HP) [potion of
                  | mutation]
  3419 | D:2      | Gained mutation: You are strong-willed. (Will+) [potion of
                  | mutation]
  3419 | D:2      | Mangled by an orc warrior

Illustrated notes

Levels and vault maps discovered:
D:1:      heliophobic_arrival_ceremonial_halls, layout_rooms
D:2:      layout_basic, tso_oasis_becter, minmay_joined_circles

Skill      XL: |  1  2 |
---------------+-------+-----
Armour         | 2 |  2.5
Fighting       | |  3.8
Axes           | |  3.8
Dodging        | |  1.5

Action                   |  1- 3 |  4- 6 || total
-------------------------+-------+-------++-------
Melee: Hand axe          |    89 |    39 ||   128
       Tailslap          |     8 |       ||     8
Invok: Berserk           |       |     1 ||     1
  Use: Scroll            |     1 |       ||     1
       Potion            |       |     1 ||     1
Armor: Animal skin       |    43 |     9 ||    52
Dodge: Dodged            |    56 |    18 ||    74
